 Dungeon Crawl Stone Soup version 0.27-a0-29-g2d0a2396b0 (webtiles) character file.

Game seed: 4530542871909828973

37 pkoi the Ruffian (level 3, -5/31 HPs)
             Began as a Draconian Monk on Jan 4, 2021.
             Killed from afar by a jackal (36 damage)
             ... with an exploding inner flame
             ... on level 2 of the Dungeon.
             The game lasted 00:01:01 (1044 turns).

pkoi the Ruffian (Draconian Monk)                   Turns: 1044, Time: 00:01:01

Health: -5/31      AC:  5    Str: 14    XL:     3   Next: 23%
Magic:  12/12      EV: 13    Int: 10    God:
Gold:   43         SH:  0    Dex: 13    Spells: 2/2 levels left

rFire    . . .     SeeInvis .     - Unarmed
rCold    . . .     Faith    .   (no shield)
rNeg     . . .     Spirit   .   (armour unavailable)
rPois    .         Reflect  .   (helmet restricted)
rElec    .         Harm     .   (no cloak)
rCorr    .         Rampage  .   (no gloves)
Will     .....                  (no boots)
Stlth    +.........             f - amulet of regeneration
HPRegen  0.50/turn              b - ring of magical power
MPRegen  0.13/turn              i - ring of attention (curse)

@: no status effects
A: unfitting armour, cold-blooded, AC +5
a: no special abilities


You were on level 2 of the Dungeon.
You visited 1 branch of the dungeon, and saw 2 of its levels.

You collected 43 gold pieces.

Inventory:

Jewellery
 b - a ring of magical power (left hand)
 f - an amulet of regeneration (around neck)
 h - an uncursed ring of magical power
 i - a cursed ring of attention (right hand)
Wands
 e - a wand of random effects (13)
Scrolls
 a - a scroll of identify
 d - a scroll of teleportation


   Skills:
 - Level 3.2 Fighting
 - Level 2.6 Dodging
 - Level 1.7 Stealth
 + Level 4.4 Unarmed Combat


You had 2 spell levels left.
You didn't know any spells.
Your spell library was empty.

Dungeon Overview and Level Annotations

Branches:
Dungeon (2/15)

Altars:
Gozag


Innate Abilities, Weirdness & Mutations

Your plain brown scales are hard. (AC +5)
You cannot fit into any form of body armour.
You are cold-blooded and may be slowed by cold attacks.


Message History

It is a scroll of identify.
d - a scroll of teleportation A jackal comes into view.
As you read the scroll labelled MUAJAZ MUAGAG, it crumbles to dust.
The creatures around you are filled with an inner flame!
It was a scroll of immolation.
The jackal barks!
As you read the scroll labelled AKODYFODON, it crumbles to dust.
It is a scroll of amnesia.
You feel forgetful for a moment. The jackal misses you.
You closely miss the jackal.
Flame seeps out of the jackal.
You tail-slap the jackal.
The jackal is severely wounded.
The jackal is engulfed in blazing flames.
The jackal explodes!
The fiery explosion engulfs the jackal!!
The fiery explosion engulfs you!!!
Ouch! That really hurt!
You die...

#....##############.##
#....................†
#.....#############.##
#.....# #.# #.....#
#.# #.....# #.# ##
#.....# ### #.## .#
#####.§§##..... #...
.# ......§○@...# #...
.#### ...####h#####
##.# .##.. . .... #..
.##.#
#####################
.##.#
#....................
.##.#
#.###################
.##.# #.# .##.# #.#
.##†# ######.#####


You could see a jackal (inner flame).

Vanquished Creatures
  An adder (D:2)
  A worm (D:2)
  A leopard gecko (D:1)
  3 bats
  A giant cockroach (D:2)
  4 goblins (D:2)
  A hobgoblin (D:2)
  6 jackals (D:2)
  2 kobolds
  A ball python (D:2)
  2 frilled lizards (D:2)
  3 rats (D:2)
26 creatures vanquished.

Vanquished Creatures (others)
  2 minotaurs (D:1)
  A draconian (D:1)
  2 elves (D:1)
  A troll (D:1)
  A formicid (D:1)
  A vampire (D:1)
  3 spriggans (D:1)
  A naga (D:1)
  An ogre (D:1)
  2 orcs (D:1)
  8 tentacles (D:1)
23 creatures vanquished.

Grand Total: 49 creatures vanquished

Notes
Turn   | Place    | Note
-------+----------+-------------------------------------------
     0 | D:1      | pkoi the Draconian Monk began the quest for the Orb.
     0 | D:1      | Reached XP level 1. HP: 19/19 MP: 1/1
     2 | D:1      | Noticed a naga
     2 | D:1      | Noticed a spriggan
     2 | D:1      | Noticed an elf
     2 | D:1      | Noticed an ogre
     2 | D:1      | Noticed a formicid
     2 | D:1      | Noticed a minotaur
     2 | D:1      | Noticed a draconian
     2 | D:1      | Noticed an elf
     2 | D:1      | Noticed a minotaur
     2 | D:1      | Noticed a kraken
     2 | D:1      | Noticed a vampire
     2 | D:1      | Noticed a troll
     2 | D:1      | Noticed a spriggan
     2 | D:1      | Noticed a spriggan
     6 | D:1      | Killed a spriggan
     6 | D:1      | Killed a minotaur
     7 | D:1      | Killed a naga
     8 | D:1      | Killed an ogre
     8 | D:1      | Killed an elf
     9 | D:1      | Killed a draconian
     9 | D:1      | Killed a vampire
    12 | D:1      | Killed a spriggan
    12 | D:1      | Killed a formicid
    14 | D:1      | Killed a spriggan
    15 | D:1      | Killed an elf
    15 | D:1      | Killed a minotaur
    19 | D:1      | Killed a troll
   224 | D:1      | You fall into a shaft and drop 1 floor!
   233 | D:2      | Reached XP level 2. HP: 26/26 MP: 2/2
   463 | D:2      | Reached skill level 4 in Unarmed Combat
   803 | D:2      | Found an opulent altar of Gozag.
   838 | D:2      | Reached XP level 3. HP: 22/31 MP: 3/3
  1044 | D:2      | Killed from afar by a jackal

Illustrated notes

Levels and vault maps discovered:
D:1:      nicolae_arrival_kraken_aquarium_b, layout_loops_ring,
          hangedman_abyss_or_decor_stabs, minmay_pentomino_q2
D:2:      layout_basic, general_overflow_altar, nicolae_underground_beach

Skill      XL: |  1  2 |
---------------+-------+-----
Unarmed Combat | 4 |  4.4
Fighting       | |  3.2
Dodging        | |  2.6
Stealth        | |  1.7

Action                   || total
-------------------------++-------
Melee: Unarmed           ||    92
       Tailslap          ||     7
  Use: Scroll            ||     3
 Stab: Sleeping          ||     3
Armor: Skin              ||    32
Dodge: Dodged            ||    85

Table legend: (Time is in decaauts)
 A = Elapsed time spent in this place.
 B = Non-inter-level travel time spent in this place.
 C = Inter-level travel time spent in this place.
 D = Time resting spent in this place.
 E = Time spent auto-exploring this place.
 F = Levels seen in this place.
 G = Mean time per level.
                   A        B        C        D        E       F      G
               +--------+--------+--------+--------+--------+-----+--------+
         Total |   1036 |   1036 |      0 |    294 |    553 |   2 |  518.0 |
       Dungeon |   1036 |   1036 |      0 |    294 |    553 |   2 |  518.0 |
               +--------+--------+--------+--------+--------+-----+--------+

Top non-repeatable levels by time:
     D:2: 813 daAuts
     D:1: 222 daAuts
